Map: White Rabbit LE

Players

HoldTheDoor - Winner!

  • Race: Protoss Protoss
  • League: Diamond
  • Spawn Location: 1:00

Heinblade

  • Race: Protoss Protoss
  • League: Platinum
  • Spawn Location: 7:00

VOD

Have the link to the VOD?

Description

Time

  • Played on: May 2, 2026, 2:29 p.m.
  • Length: 3:04
Show
View Real Time Build Order
Export as new Build Order

HoldTheDoor Protoss - Winner!

Build Orders: Cannon Rush 

Get SALT Encoding   

  12  0:00  Probe  
  13  0:12  Probe  
  14  0:18  Pylon  
  14  0:24  Probe  
  15  0:36  Probe  
  15  0:38  Forge  
  16  0:47  Pylon  
  16  0:54  Probe  
  17  1:03  Assimilator  
  17  1:10  Pylon  
  17  1:16  Photon Cannon  
  17  1:29  Pylon  
  17  1:32  Photon Cannon  
  17  1:41  Photon Cannon  
  16  1:53  Photon Cannon  
  16  2:04  Photon Cannon  
  16  2:07  Photon Cannon  
  16  2:13  Pylon  
  16  2:18  Photon Cannon  
  16  2:26  Photon Cannon  
  16  2:35  Photon Cannon  
  16  2:46  Photon Cannon  
  16  2:55  Photon Cannon  
Show
View Real Time Build Order
Export as new Build Order

Heinblade Protoss 

Build Orders:  

Get SALT Encoding   

  12  0:00  Probe  
  13  0:12  Probe  
  14  0:23  Pylon  
  14  0:24  Probe  
  15  0:41  Probe  
  16  0:43  Gateway  
  16  0:48  Assimilator  
  16  0:53  Probe  
  17  1:05  Probe  
  18  1:18  Probe  
  19  1:23  Zealot  
  20  1:52  Cybernetics Core  
  20  2:04  Zealot  
  18  2:19  Pylon  
  18  2:20  Pylon  
  18  2:24  Pylon  
  19  2:51  Forge  
Tags
 
Matchup
PvP
Replay Pack
SC2Mai2026
Spawn Locations
Cross Positions
Add a new tag
Caveats
  • Supply blocks, unpowered buildings, or Contaminate may cause inaccurate times.
  • Supply counts are checked every 10 seconds.